 Dungeon Crawl Stone Soup version 0.31.0-12-g77e489cdc1 (webtiles) character file.

Game seed: 17065745085552928404

336 RancidPinata the Covert (level 6, 0/44 HPs)
             Began as an Octopode Delver on Feb 25, 2024.
             Slain by a crocodile zombie (9 damage)
             ... in an ossuary.
             The game lasted 00:05:42 (1118 turns).

RancidPinata the Covert (Octopode Delver)           Turns: 1118, Time: 00:05:42

Health: 0/44       AC:  1    Str: 12    XL:     6   Next: 54%
Magic:  6/6        EV: 14    Int: 12    God:
Gold:   0          SH:  0    Dex: 15    Spells: 5/5 levels left

rFire   . . .        a - +0 short sword
rCold   . . .        (no shield)
rNeg    . . .        (helmet restricted)
rPois   .            (no amulet)
rElec   .            (no ring)
rCorr   .            (no ring)
SInv    .            (no ring)
Will    .....        (no ring)
Stlth   +++++        (no ring)
HPRegen 0.27/turn    (no ring)
MPRegen 0.10/turn    (no ring)
                     (no ring)

%: no passive effects
@: invisible
A: almost no armour, amphibious, 8 rings, camouflage 1, gelatinous body 1,
(nimble swimmer 1), tentacles
a: no special abilities


You were in an ossuary.
You visited 1 branch of the dungeon, and saw 3 of its levels.
You also visited: Ossuary.

Inventory:

Hand Weapons
 a - a +0 short sword (weapon)
Missiles
 i - 11 stones (quivered)
Wands
 f - a wand of digging (3)
Scrolls
 b - a scroll of fog
 c - 2 scrolls of revelation
 d - a scroll of fear
 g - a scroll of noise {unknown}
 k - a scroll of brand weapon {unknown}
Potions
 e - a potion of haste
 j - a potion of berserk rage {unknown}


   Skills:
 * Level 4.5 Fighting
 + Level 3.1 Short Blades
 * Level 3.8 Dodging
 * Level 8.2 Stealth


You had 5 spell levels left.
You didn't know any spells.
Your spell library was empty.

Dungeon Overview and Level Annotations

Branches:
Dungeon (6/15)            Ossuary (1/1)
 Temple: D:4-7

Altars:


Innate Abilities, Weirdness & Mutations

You cannot wear most types of armour.
You are amphibious.
You can wear up to eight rings at the same time.
Your skin changes colour to match your surroundings (Stealth+).
Your rubbery body absorbs attacks. (AC +1, EV +1)
((You are camouflaged when in or above water. (Stealth+)))
You have tentacles for arms and can constrict up to eight enemies at once.


Message History

A bullfrog simulacrum comes into view.
You hit the crocodile zombie. You squeeze the crocodile zombie.
The crocodile zombie is lightly damaged.
The crocodile zombie bites you.
The crocodile zombie drags you backwards!
You hit the crocodile zombie.
Your squeeze misses the crocodile zombie.
The crocodile zombie is moderately damaged.
The crocodile zombie bites you!
You barely miss the crocodile zombie.
The crocodile zombie is moderately damaged.
You hit the crocodile zombie.
The crocodile zombie is moderately damaged.
The crocodile zombie bites you.
You hit the crocodile zombie but do no damage.
You squeeze the crocodile zombie!
The crocodile zombie is heavily damaged.
The crocodile zombie bites you!
* * * LOW HITPOINT WARNING * * *
You hit the crocodile zombie but do no damage.
The crocodile zombie is heavily damaged.
You hit the crocodile zombie but do no damage.
The crocodile zombie is heavily damaged.
The crocodile zombie closely misses you.
You hit the crocodile zombie but do no damage.
The crocodile zombie is heavily damaged.
The crocodile zombie bites you.
* * * LOW HITPOINT WARNING * * *
It was a potion of invisibility.
You fade into invisibility!
You hit the crocodile zombie.
The crocodile zombie is heavily damaged.
You catch the helpless crocodile zombie completely off-guard!
You puncture the crocodile zombie!
Your tentacle-slap misses the crocodile zombie.
The crocodile zombie is almost destroyed.
You barely miss the crocodile zombie.
The crocodile zombie is almost destroyed.
The crocodile zombie bites you!
You die...

#....................#
#......########......#
#...#### ###+...#
#..## +#..# #..# #..#
#..## +#..# #...####
###+...#
#......########......#
#...............@....#
#...............Z....#
#......########......#
#...'### ####...#
#..#'...... ##..#
#..#..####. #..#
#..#+.# ##..# #...+###
####...#
#......########......#


You could see a crocodile zombie (unable to see you).

Vanquished Creatures
  An elf zombie (Ossuary)
  A weeping skull (Ossuary)
  A scorpion (D:5)
  2 centaur zombies (Ossuary)
  A human zombie (Ossuary)
  An adder (D:5)
  5 adder zombies (Ossuary)
  An endoplasm (D:4)
  2 giant cockroaches (D:4)
  A goblin (D:4)
  5 ball python zombies (Ossuary)
  A gnoll zombie (Ossuary)
  2 jackal zombies (Ossuary)
  A kobold (D:4)
  A kobold zombie (Ossuary)
26 creatures vanquished.

Notes
Turn   | Place    | Note
-------+----------+-------------------------------------------
     0 | D:5      | RancidPinata the Octopode Delver began the quest for the
                  | Orb.
     0 | D:5      | Reached XP level 1. HP: 16/16 MP: 1/1
     1 | D:6      | Noticed a scorpion
    25 | D:5      | Noticed a bombardier beetle
    44 | D:5      | Noticed a bombardier beetle
    64 | D:5      | Noticed a black bear
   128 | D:4      | Noticed a jelly
   218 | D:5      | Reached XP level 2. HP: 21/21 MP: 2/2
   296 | D:5      | Noticed a scorpion
   305 | D:5      | Killed a scorpion
   306 | D:5      | Reached skill level 7 in Stealth
   306 | D:5      | Reached XP level 3. HP: 11/27 MP: 3/3
   306 | D:5      | Reached XP level 4. HP: 13/33 MP: 4/4
   318 | D:5      | Found a sand-covered staircase.
   326 | Ossuary  | Entered an ossuary
   659 | Ossuary  | Reached XP level 5. HP: 25/37 MP: 5/5
   878 | Ossuary  | Reached XP level 6. HP: 35/43 MP: 6/6
   927 | Ossuary  | Reached skill level 8 in Stealth
  1118 | Ossuary  | Slain by a crocodile zombie

Illustrated notes

Levels and vault maps discovered:
D:4:      layout_basic
D:5:      layout_loops_cross, grunt_temple_overflow_open,
          chequers_ossuary_entry_cave
D:6:      layout_loops_ring, minmay_temple_entry_sparse_star, uniq_jeremiah,
          uniq_prince_ribbit1
Ossuary:  minmay_ossuary_two_tombs

Skill      XL: |  1  2  3  4  5  6 |
---------------+-------------------+-----
Stealth        | 7 8 |  8.2
Dodging        | 3 |  3.8
Fighting       | 4 |  4.5
Short Blades   | 3 |  3.1

Action                     |  1- 3 |  4- 6 || total
---------------------------+-------+-------++-------
  Melee: Short sword       |    18 |    92 ||   110
         Tentacles         |     6 |    24 ||    30
         Constrict         |     4 |    16 ||    20
         Punch             |       |     1 ||     1
    Use: Potion            |       |     1 ||     1
   Stab: Sleeping          |     3 |     2 ||     5
         Invisible         |       |     1 ||     1
 Armour: Skin              |     7 |    54 ||    61
  Dodge: Dodged            |    14 |    49 ||    63
